 Dungeon Crawl Stone Soup version 0.17.0-28-g6e173f8 (webtiles) character file.

1058 dohliylev the Covert (level 8, -5/39 HPs)
             Began as a Spriggan Assassin on Nov 25, 2015.
             Was a Follower of Dithmenos.
             Killed by divine providence
             ... invoked by an orc priest
              (14 damage)
             ... on level 6 of the Dungeon.
             The game lasted 00:31:52 (4275 turns).

dohliylev the Covert (Spriggan Assassin)            Turns: 4275, Time: 00:31:53

Health: -5/39      AC:  6    Str:  7    XL:     8   Next: 6%
Magic:  10/10      EV: 23    Int: 13    God:    Dithmenos [*.....]
Gold:   329        SH:  0    Dex: 22    Spells: 0 memorised, 7 levels left

rFire  . . .     SeeInvis +     b - +0 blowgun
rCold  . . .     Clarity  .     c - +0 robe
rNeg   . . .     SustAt   .     (shield restricted)
rPois  .         Gourm    .     D - +2 hat
rElec  .         Spirit   .     q - +1 cloak
rCorr  .         Warding  .     (gloves unavailable)
rMut   .         Stasis   .     (boots unavailable)
MR     +....                    (no amulet)
Stlth  +++++++...               d - ring of see invisible
                                p - +3 ring of dexterity

@: wreathed by umbra, very quick, somewhat resistant to hostile enchantments,
extremely stealthy
A: unfitting armour, see invisible, herbivore 3, speed 3, slow metabolism 2
a: Renounce Religion


You were on level 6 of the Dungeon.
You worshipped Dithmenos.
Dithmenos was aware of your devotion.
You were hungry.

You visited 2 branches of the dungeon, and saw 7 of its levels.
You also visited: Sewer.

You collected 329 gold pieces.

Inventory:

Hand Weapons
 a - a +2 dagger
 b - a +0 blowgun (weapon)
Missiles
 e - 28 poisoned needles (quivered)
 f - a curare-tipped needle
 E - a throwing net
Armour
 c - a +0 robe (worn)
 q - a +1 cloak (worn)
 D - a +2 hat (worn)
Jewellery
 d - a ring of see invisible (right hand)
 p - a +3 ring of dexterity (left hand)
Wands
 w - a wand of draining (12)
 y - a wand of disintegration (0)
Scrolls
 h - 7 scrolls of identify
 i - 5 scrolls of teleportation {unknown}
 t - 3 scrolls of remove curse {unknown}
 v - a scroll of fear {unknown}
 x - a scroll of enchant armour {unknown}
 z - a scroll of fog {unknown}
 A - a scroll of noise {unknown}
 C - a scroll of amnesia {unknown}
Potions
 k - a potion of mutation {unknown}
 m - 5 potions of curing {unknown}
 n - 2 potions of haste {unknown}
 o - a potion of degeneration {unknown}
 r - a potion of lignification {unknown}
 s - 2 potions of brilliance {unknown}
 u - a potion of berserk rage {unknown}
 B - a potion of might {unknown}
Comestibles
 g - 3 bread rations
 j - 2 royal jellies
 l - a slice of pizza


   Skills:
 + Level 2.6 Fighting
 + Level 3.5 Short Blades
 + Level 4.5 Throwing
 + Level 6.2 Dodging
 + Level 10.9 Stealth
 + Level 1.5 Evocations


You had 7 spell levels left.
You didn't know any spells.

Dungeon Overview and Level Annotations

Branches:
Dungeon (6/15)             Temple (1/1) D:4

Altars:
Cheibriados
Dithmenos
Elyvilon
Fedhas
Kikubaaqudgha
Makhleb
Nemelex Xobeh
Okawaru
Qazlal
Ru
Sif Muna
Trog
Vehumet
Xom
Yredelemnul
Zin
The Shining One

Shops:
D:6 *

Annotations:
D:5 bollicks1999's ghost, novice HOFi


Innate Abilities, Weirdness & Mutations

You are tiny and cannot use many weapons and most armour.
You have supernaturally acute eyesight.
You are a herbivore.
You cover ground extremely quickly.
You need consume almost no food.


Message History

The orc warrior is lightly wounded.
Firing (i - inventory. (,) - cycle):
e - 30 poisoned needles (quivered)
Press: ? - help, Shift-Dir - straight line, f/p - orc warrior
Aim: an orc warrior, wielding a scimitar and wearing a chain mail (lightly wounded, poisoned)
You shoot a poisoned needle.
The poisoned needle hits the orc warrior!
The orc warrior is lightly wounded.
Firing (i - inventory. (,) - cycle):
e - 29 poisoned needles (quivered)
Press: ? - help, Shift-Dir - straight line, f/p - orc warrior
Aim: an orc warrior, wielding a scimitar and wearing a chain mail (lightly wounded, poisoned)
You shoot a poisoned needle.
The poisoned needle barely misses the orc warrior.
The orc priest invokes the aid of Beogh against you.
Something smites you!
* * * LOW HITPOINT WARNING * * *
Things that are here:
a spear; a gnoll corpse The orc priest calls down the wrath of Beogh upon you.
Something smites you!
You die...

...#............ .
.....#.).(...### ..
###..........## ..o
#..##.....#..## ....
...##..##......# ####.
######..###..##...# ##
.#........#.((# ##..
$.$.$.$.$..#(.#
.#.........(.@###
#........(!oo).#####..
#####.......8o.∩..8s..
#..........####...
#..........#
#..........#
############


You could see an orc warrior, an orc priest and an orc.

Vanquished Creatures
  Eustachio (D:4)
  A sky beast (D:5)
  2 ice beasts
  An ogre (D:5)
  A crocodile (Sewer)
  Blork the orc (D:6)
  2 scorpions
  A giant frog skeleton (D:5)
  2 iguanas
  2 worker ants (D:4)
  A hound (D:4)
  An orc priest (D:6)
  4 gnolls
  2 adders (D:3)
  An ooze (D:1)
  2 adder skeletons
  9 orcs
  11 giant cockroaches
  5 goblins
  6 hobgoblins
  2 jackals (Sewer)
  7 kobolds
  A quokka (D:3)
  6 bats
  6 giant geckos
  A giant gecko skeleton (D:5)
  A giant gecko zombie (D:5)
  4 giant newts
  2 rats
86 creatures vanquished.

Notes
Turn   | Place    | Note
--------------------------------------------------------------
     0 | D:1      | dohliylev the Spriggan Assassin began the quest for the Orb.
     0 | D:1      | Reached XP level 1. HP: 10/10 MP: 2/2
    67 | D:1      | Reached skill level 6 in Stealth
   242 | D:1      | Reached XP level 2. HP: 14/14 MP: 3/3
   983 | D:2      | Reached skill level 7 in Stealth
   983 | D:2      | Reached XP level 3. HP: 12/18 MP: 4/4
  1479 | D:3      | Reached XP level 4. HP: 14/22 MP: 5/5
  1520 | D:3      | Found a stormy altar of Qazlal.
  1520 | D:3      | Found a radiant altar of Vehumet.
  1548 | D:3      | You fall through a shaft for 2 floors!
  1548 | D:5      | Entered Level 5 of the Dungeon
  1619 | D:4      | Found a staircase to the Ecumenical Temple.
  1628 | Temple   | Entered the Ecumenical Temple
  1745 | Temple   | Became a worshipper of Dithmenos the Shadowed
  1772 | D:4      | Reached skill level 8 in Stealth
  2126 | D:3      | Found a glowing drain.
  2186 | Sewer    | Entered a sewer
  2252 | Sewer    | Noticed a crocodile
  2293 | Sewer    | Killed a crocodile
  2293 | Sewer    | Reached XP level 5. HP: 11/26 MP: 6/6
  2664 | D:4      | Reached * piety under Dithmenos
  2707 | D:4      | Noticed Eustachio
  2711 | D:4      | Reached skill level 9 in Stealth
  2759 | D:4      | Reached XP level 6. HP: 20/30 MP: 7/7
  2880 | D:4      | Found a glowing golden altar of the Shining One.
  2882 | D:4      | Noticed an angel
  2895 | D:4      | Found a basalt altar of Yredelemnul.
  2897 | D:4      | Noticed a profane servitor
  3130 | D:4      | Killed Eustachio
  3130 | D:4      | Reached skill level 5 in Dodging
  3214 | D:4      | Found a shimmering altar of Xom.
  3337 | D:5      | Noticed an ice beast
  3341 | D:5      | Killed an ice beast
  3341 | D:5      | Reached XP level 7. HP: 35/35 MP: 8/8
  3346 | D:5      | Noticed an ogre
  3370 | D:5      | Killed an ogre
  3370 | D:5      | Reached skill level 10 in Stealth
  3451 | D:5      | Noticed a sky beast
  3463 | D:5      | Killed a sky beast
  3480 | D:5      | Noticed bollicks1999's ghost (novice HOFi)
  4191 | D:6      | Noticed Blork the orc
  4195 | D:6      | Found Wusutaz's General Store.
  4214 | D:6      | Reached skill level 1 in Evocations
  4230 | D:6      | Killed Blork the orc
  4230 | D:6      | Reached XP level 8. HP: 35/39 MP: 8/10
  4275 | D:6      | Killed from afar by an orc priest

Action                   |  1- 3 |  4- 6 |  7- 9 || total
-------------------------+-------+-------+-------++-------
Melee: Dagger            |    61 |   161 |    52 ||   274
 Fire: Blowgun           |    15 |    27 |    23 ||    65
Evoke: Wand              |       |       |     8 ||     8
  Use: Scroll            |       |       |     1 ||     1
 Stab: Sleeping          |    16 |    18 |     6 ||    40
       Distracted        |       |     1 |       ||     1
